 Dungeon Crawl Stone Soup version 0.28-a0-1128-gb845255321 (webtiles) character file.

Game seed: 3444506023345521826

0 ChaosChampion the Skirmisher (level 1, -13/18 HPs)
             Began as a Demonspawn Abyssal Knight on Dec 12, 2021.
             Was a Follower of Lugonu.
             Collided with a rock wall (14 damage)
             ... caused by a wretched star
             ... on level 1 of the Abyss.
             The game lasted 00:00:12 (75 turns).

ChaosChampion the Skirmisher (DsAK)                   Turns: 75, Time: 00:00:13

Health: -13/18     AC:  1    Str:  9    XL:     1   Next: 0%
Magic:  2/2        EV: 11    Int: 11    God:    Lugonu [*.....]
Gold:   7          SH:  0    Dex: 13    Spells: 0/0 levels left

rFire   . . .      SeeInvis .   a - +1 hand axe
rCold   . . .      Faith    .   (no shield)
rNeg    . . .      Spirit   .   b - +0 leather armour
rPois   .          Reflect  .   (no helmet)
rElec   .          Harm     .   (no cloak)
rCorr   .          Rampage  .   (no gloves)
Will    .....                   (no boots)
Stlth   +.........              (no amulet)
HPRegen 0.06/turn               (no ring)
MPRegen 0.08/turn               (no ring)

@: no status effects
A: [deformed body], [screaming 2], [weak 2]
a: Renounce Religion, Depart the Abyss


You were on level 1 of the Abyss.
You worshipped Lugonu.
Lugonu was aware of your devotion.
You visited 0 branches of the dungeon, and saw 0 of its levels.
You visited the Abyss 1 time.

You collected 7 gold pieces.

Inventory:

Hand Weapons
 a - a +1 hand axe (weapon)
Armour
 b - a +0 leather armour (worn)


   Skills:
 + Level 3.0 Fighting
 + Level 1.7 Axes
 + Level 1.7 Armour
 + Level 0.8 Dodging
 + Level 2.4 Invocations


You couldn't memorise any spells.
You didn't know any spells.
Your spell library was empty.

Dungeon Overview and Level Annotations

Branches:
Dungeon (0/15)

Altars:


Innate Abilities, Weirdness & Mutations

[Armour fits poorly on your strangely shaped body.]
[You frequently scream uncontrollably at your foes.]
[You are very weak. (Str -4)]


Message History

Welcome, ChaosChampion the Demonspawn Abyssal Knight.
Everyone else who sought the Orb of Zot has failed.
Will you be different?
Lugonu says: Depart the Abyss and spread corruption, my servant! (use the ability menu to exit the Abyss) Press ? for a list of commands and other information.
Found 15 stones.
Found a corrupted altar of Lugonu.
Found 22 stones.
You now have 7 gold pieces.
Found 10 arrows.
A lurking horror punctures the fabric of time!
The iron imp shouts, "Slither hence, thou bootless folly-fallen flim-flammer!"
The iron imp puffs mist at you.
You hear a distant slurping noise.
The wretched star pulses with an eldritch light!
You feel weaker. x2
The wretched star pulses with an eldritch light!
You feel the urge to shout.
You feel a strong urge to scream.
A tentacle flies out from the starspawn's body!
A starspawn tentacle comes into view.
The wretched star pulses with an eldritch light!
Your body twists and deforms.
The wretched star glows turbulently.
The lance of force hits you!
Ouch! That really hurt!
* * * LOW HITPOINT WARNING * * *
You are knocked back by the lance of force.
You slam into the rock wall!
Ouch! That really hurt!
You die...

# ## .. ###. #.
#.## #.#.##.
...##. #..#
.##.§#. ##@##
...§...#....###
#...........
#..#.#..#....
###.....#.##.#
###...#.#.#. #
####.*#.#.#.. .#
#..#.......#....
##..#.###.....#


You could see a wretched star.

Vanquished Creatures (others)
  2 starspawn tentacles (Abyss:1)
2 creatures vanquished.

Notes
Turn   | Place    | Note
-------+----------+-------------------------------------------
     0 | Abyss:1  | ChaosChampion the Demonspawn Abyssal Knight began the quest
                  | for the Orb.
     0 | Abyss:1  | Reached XP level 1. HP: 18/18 MP: 2/2
    54 | Abyss:1  | Noticed a wretched star
    54 | Abyss:1  | Noticed an iron imp
    54 | Abyss:1  | Noticed a tentacled starspawn
    75 | Abyss:1  | Collided with a rock wall

Illustrated notes

Levels and vault maps discovered:
Abyss:1:  base: Temple, base: Temple, kilobyte_mutagenic_chamber

Table legend: (Time is in decaauts)
 A = Elapsed time spent in this place.
 B = Non-inter-level travel time spent in this place.
 C = Inter-level travel time spent in this place.
 D = Time resting spent in this place.
 E = Time spent auto-exploring this place.
 F = Levels seen in this place.
 G = Mean time per level.
                   A        B        C        D        E       F      G
               +--------+--------+--------+--------+--------+-----+--------+
         Total |     75 |     75 |      0 |      0 |     52 |   1 |   75.0 |
         Abyss |     75 |     75 |      0 |      0 |     52 |   1 |   75.0 |
               +--------+--------+--------+--------+--------+-----+--------+

Top non-repeatable levels by time:
 Abyss:1: 75 daAuts
